 Dungeon Crawl Stone Soup version 0.32-a0-975-g85d4e5bfdb (webtiles) character file.

Game seed: 15456954994152483503

235 kae the Changeling (level 5, 0/37 HPs)
             Began as a Demonspawn Shapeshifter on Apr 18, 2024.
             Incinerated by a bombardier beetle (4 damage)
             ... with a burning spray
             ... on level 4 of the Dungeon.
             The game lasted 00:01:39 (3078 turns).

kae the Changeling (Demonspawn Shapeshifter)        Turns: 3078, Time: 00:01:39

Health: 0/37       AC:  4    Str: 14    XL:     5   Next: 76%
Magic:  5/5        EV: 11    Int: 11    God:
Gold:   163        SH:  0    Dex: 14    Spells: 4/4 levels left

rFire   . .          .
                       - Unarmed
rCold   . . .        (no shield)
rNeg    . . .        a - +0 animal skin
rPois   .            (helmet currently unavailable)
rElec   .            (cloak currently unavailable)
rCorr   .            (gloves currently unavailable)
SInv    .            (boots currently unavailable)
Will    .....        (no amulet)
Stlth   +            (no ring)
HPRegen 0.26/turn    (no ring)
MPRegen 0.09/turn

%: no passive effects
@: on fire, beast-form, glowing
A: beast (slay +2), hooves 1, molten scales 1, foul stench 1
a: Begin Untransformation


You were on level 4 of the Dungeon.
You were a hulking beast.
You visited 1 branch of the dungeon, and saw 4 of its levels.

You collected 163 gold pieces.


Innate Abilities, Weirdness & Mutations

You are a hulking beast.
Your limbs bulge with bestial killing power. (Slay +2)
You have large cloven feet.
You are partially covered in molten scales. (AC +2)
You may rarely emit foul miasma when damaged in melee.


   Skills:
 - Level 1.0 Fighting
 - Level 1.7 Dodging
 + Level 4.0 Unarmed Combat
 * Level 4.8 Shapeshifting


You had 4 spell levels left.
You didn't know any spells.
Your spell library contained the following spells:

 Spells                   Type           Power      Damage    Failure   Level
 Magic Dart               Conj           0%         1d3       34%         1
 Blink                    Tloc           0%         N/A       47%         2
 Call Imp                 Summ           0%         N/A       47%         2
 Summon Forest            Summ/Tloc      0%         N/A       100%        5
 Summon Mana Viper        Hex/Summ       0%         N/A       100%        5
 Summon Cactus Giant      Summ           0%         N/A       100%        6

Inventory:

Missiles
 f - 24 stones (quivered)
 o - 8 poisoned darts
Armour
 a - a +0 animal skin (worn)
 g - a +1 pair of gloves
   (You found it on level 1 of the Dungeon)
Talismans
 c - a beast talisman (active)
 d - a flux talisman
Scrolls
 j - a scroll of enchant weapon
Potions
 b - 3 potions of lignification {!q}
 e - a potion of magic {unknown}
 h - a potion of brilliance
 i - a potion of invisibility {unknown}
 k - a potion of haste {@q3}
 n - a potion of might
 p - a potion of heal wounds {@q2}
 q - 2 potions of mutation {!q}

Dungeon Overview and Level Annotations

Branches:
Dungeon (4/15) Zot: 20923
 Temple: D:4-7

Altars:

Annotations:
D:2 Sigmund
D:3 1 runed translucent door, BlackSun's ghost, amateur OpSu

#. ##### # ###.
#...#####
.#.#...##.......
.....##.......#
..............#
.....#........#
...!..........#
.#.h......# #
#...B....<.)##.#
..............<..#
#.#.......####.###
..........# ....
.###.....## ...##.
#.....# #...#
#.....# #....
#..##


You could see a bombardier beetle.


Message History

You open the door.
There is an open door here.
There is a stone staircase leading down here.
BlackSun's ghost turns its malevolent gaze towards you. 😎 HP[+1]
Your hp is fully restored (37).
Could not explore, unopened runed door.
No reachable target in view!
No reachable target in view!
Could not explore, unopened runed door.
Could not explore, unopened runed door.
Could not explore, unopened runed door.
No reachable target in view!
No reachable target in view!
Could not explore, unopened runed door.
As you read the scroll labelled ITYOTA TOIXKEWA, it crumbles to dust.
It is a scroll of enchant armour.
Your +0 pair of gloves glows green for a moment.
As you read the scroll of identify {@r1}, it crumbles to dust.
q - 2 potions of mutation
As you read the scroll of identify {@r1}, it crumbles to dust.
n - a potion of might
There is a stone staircase leading down here.
You climb downwards.
The adder hisses angrily.
Found a dagger.
Found a stone staircase leading up.
There is a stone staircase leading up here.
An adder is nearby!
An adder is nearby!
An adder is nearby!
An adder is nearby!
You see here a +0 dagger.
You hit the adder. The adder bites you but does no damage.
The adder barely misses you.
An adder is nearby!
You hit the adder. The adder barely misses you.
You closely miss the adder. The adder closely misses you.
An adder is nearby!
You completely miss the adder. The adder barely misses you.
You completely miss the adder. The adder barely misses you.
An adder is nearby!
You barely miss the adder. The adder bites you but does no damage.
A bombardier beetle comes into view.
The adder bites you.
You barely miss the adder. The adder bites you. 😕 HP[-4]
You take 4 damage, and now have 33/37 hp.
You hit the adder.
You kill the adder! 😕 HP[+1]
A bombardier beetle is nearby!
The bombardier beetle sprays incendiary fluid at you.
The burning spray hits you.
You are covered in liquid fire!
You shake off some of the fire as you move.
The liquid fire burns you!
You barely miss the bombardier beetle.
You kick the bombardier beetle, but do no damage.
The liquid fire burns you!
The bombardier beetle completely misses you. 😕 HP[-4]
You take 4 damage, and now have 30/37 hp.
You hit the bombardier beetle. The liquid fire burns you!
You hit the bombardier beetle. The liquid fire burns you!
The bombardier beetle bites you. 😮 HP[-10]
You take 10 damage, and now have 20/37 hp.
MASSIVE DAMAGE!! (PAUSE)
You barely miss the bombardier beetle. The liquid fire burns you!
* * * LOW HITPOINT WARNING * * *
The bombardier beetle sprays incendiary fluid at you.
The burning spray hits you.
You are even more covered in liquid fire! 😨 HP[-4]
You take 4 damage, and now have 16/37 hp.
You hit the bombardier beetle but do no damage.
You kick the bombardier beetle, but do no damage.
The liquid fire burns you!
* * * LOW HITPOINT WARNING * * *
😨 HP[-4]
You take 4 damage, and now have 12/37 hp.
Unknown command.
You hit the bombardier beetle. The liquid fire burns you!
* * * LOW HITPOINT WARNING * * *
The bombardier beetle bites you but does no damage. 😱 HP[-4]
You take 4 damage, and now have 8/37 hp.
Unknown command.
You barely miss the bombardier beetle. The liquid fire burns you!
* * * LOW HITPOINT WARNING * * *
😱 HP[-4]
You take 4 damage, and now have 4/37 hp.
You hit the bombardier beetle. The liquid fire burns you!
You die...

Skill      XL: |  1  2  3  4  5 |
---------------+----------------+-----
Shapeshifting  | 3 4 |  4.8
Unarmed Combat | 3 4 |  4.0
Fighting       | |  1.0
Dodging        | |  1.7

Action                     |  1- 3 |  4- 6 || total
---------------------------+-------+-------++-------
  Melee: Unarmed           |    82 |    90 ||   172
         Punch             |     2 |       ||     2
         Kick              |       |    13 ||    13
    Use: Scroll            |       |    10 ||    10
   Stab: Sleeping          |     1 |       ||     1
         Distracted        |       |     1 ||     1
 Armour: Animal skin       |    33 |    58 ||    91
  Dodge: Dodged            |    43 |    38 ||    81

Levels and vault maps discovered:
D:1:      ebering_trefoil_3fold, layout_loops_ring,
          chequers_ecumenical_altar_twisty
D:2:      layout_basic, minmay_snake_closets, uniq_sigmund, uniq_natasha
D:3:      layout_basic, gammafunk_ghost_grave
D:4:      minmay_wonky_spiral, layout_loops_cross, uniq_menkaure

Notes
Turn   | Place    | Note
-------+----------+-------------------------------------------
     0 | D:1      | kae the Demonspawn Shapeshifter began the quest for the
                  | Orb.
     0 | D:1      | Reached XP level 1. HP: 15/15 MP: 1/1
     0 | D:1      | magus.rc [v1.11.3]
   158 | D:1      | Reached skill level 3 in Shapeshifting
   190 | D:1      | Gained mutation: You are partially covered in molten
                  | scales. (AC +2) [demonic ancestry]
   190 | D:1      | Reached XP level 2. HP: 21/21 MP: 2/2
   321 | D:1      | Found a faded altar of an unknown god.
   355 | D:1      | You pick up a book of Minor Magic and begin reading...
   355 | D:1      | You add the spells Magic Dart, Blink and Call Imp to your
                  | library.
   537 | D:1      | Reached skill level 3 in Unarmed Combat
   966 | D:2      | Reached XP level 3. HP: 26/26 MP: 3/3
   995 | D:2      | Noticed Natasha
  1001 | D:2      | Killed Natasha
  1139 | D:2      | Gained mutation: You may rarely emit foul miasma when
                  | damaged in melee. [demonic ancestry]
  1139 | D:2      | Reached XP level 4. HP: 26/32 MP: 4/4
  1244 | D:2      | Reached skill level 4 in Shapeshifting
  1583 | D:2      | Noticed Natasha
  1597 | D:2      | Killed Natasha
  1598 | D:2      | Gained mutation: You have large cloven feet. [demonic
                  | ancestry]
  1598 | D:2      | Reached XP level 5. HP: 18/37 MP: 5/5
  1697 | D:2      | Noticed Sigmund
  1848 | D:2      | Noticed Natasha
  1857 | D:2      | Killed Natasha
  1973 | D:2      | You pick up a book of the Wilderness and begin reading...
  1973 | D:2      | You add the spells Summon Forest, Summon Mana Viper and
                  | Summon Cactus Giant to your library.
  2248 | D:3      | Found a runed translucent door.
  2410 | D:3      | Noticed BlackSun's ghost (amateur OpSu)
  2694 | D:3      | Reached skill level 4 in Unarmed Combat
  3076 | D:4      | HP: 8/37 [burnt (4)]
  3078 | D:4      | Incinerated by a bombardier beetle

Vanquished Creatures
  An orc wizard (D:3)
  Natasha (thrice) (D:2)
  9 adders
  2 dart slugs (D:1)
  4 orcs (D:3)
  2 endoplasms (D:1)
  A giant cockroach (D:3)
  4 goblins
  4 hobgoblins
  2 jackals (D:1)
  5 kobolds
  A quokka (D:1)
  9 ball pythons
  A bat (D:2)
  9 rats
57 creatures vanquished.

Table legend:
 A = Non-vault XP
 B = Vault XP
 C = Vault XP percentage of total XP
 D = Non-vault monster count
 E = Vault monster count
 F = Vault count percentage of total count
                 A         B        C        D         E       F
            +---------+---------+-------+---------+---------+-------
      Total |     213 |     123 |  36.6 |      45 |      12 |  21.1
            +---------+---------+-------+---------+---------+-------
        D:1 |      36 |       0 |   0.0 |      20 |       0 |   0.0
        D:2 |      79 |     123 |  60.9 |      11 |      12 |  52.2
        D:3 |      84 |       0 |   0.0 |      13 |       0 |   0.0
        D:4 |      14 |       0 |   0.0 |       1 |       0 |   0.0
            +---------+---------+-------+---------+---------+-------

Skill      XL: |  1  2  3  4  5 |
---------------+----------------+-----
Shapeshifting  | 3 4 |  4.8
Unarmed Combat | 3 4 |  4.0
Fighting       | |  1.0
Dodging        | |  1.7

Action                     |  1- 3 |  4- 6 || total
---------------------------+-------+-------++-------
  Melee: Unarmed           |    82 |    90 ||   172
         Punch             |     2 |       ||     2
         Kick              |       |    13 ||    13
    Use: Scroll            |       |    10 ||    10
   Stab: Sleeping          |     1 |       ||     1
         Distracted        |       |     1 ||     1
 Armour: Animal skin       |    33 |    58 ||    91
  Dodge: Dodged            |    43 |    38 ||    81

Illustrated notes

Table legend:
 A = Kills in this place as a percentage of kills in the entire game.
 B = Kills by you in this place as a percentage of kills by you in the entire game.
 C = Kills by friends in this place as a percentage of kills by friends in the entire game.
 D = Other kills in this place as a percentage of other kills in the entire game.
 E = Experience gained in this place as a percentage of experience gained in the entire game.
 F = Experience gained in this place divided by the number of levels of this place that you have seen.
                   A       B       C       D       E      F
               +-------+-------+-------+-------+-------+----------------------
         Total | 100.0 | 100.0 |   N/A |   N/A | 100.0 |  84.0
       Dungeon | 100.0 | 100.0 |   N/A |   N/A | 100.0 |  84.0
               +-------+-------+-------+-------+-------+----------------------

Table legend: (Time is in decaauts)
 A = Elapsed time spent in this place.
 B = Non-inter-level travel time spent in this place.
 C = Inter-level travel time spent in this place.
 D = Time resting spent in this place.
 E = Time spent auto-exploring this place.
 F = Levels seen in this place.
 G = Mean time per level.
                   A        B        C        D        E       F      G
               +--------+--------+--------+--------+--------+-----+--------+
         Total |   3076 |   2963 |    113 |    118 |   2402 |   4 |  769.0 |
       Dungeon |   3076 |   2963 |    113 |    118 |   2402 |   4 |  769.0 |
               +--------+--------+--------+--------+--------+-----+--------+

Top non-repeatable levels by time:
     D:2: 1174 daAuts
     D:3: 999 daAuts
     D:1: 881 daAuts
     D:4: 21 daAuts
